 Dungeon Crawl Stone Soup version 0.25-a0-661-g55ea3d2053 (webtiles) character file.

Game seed: 16630450912861628704, levelgen mode: deterministic

44 kae the Insei (level 3, -1/26 HPs)
             Began as a Merfolk Transmuter on Mar 23, 2020.
             Hit by a goblin thrown by Robin (2 damage)
             ... on level 2 of the Dungeon.
             The game lasted 00:00:52 (1187 turns).

kae the Insei (Merfolk Transmuter)                  Turns: 1187, Time: 00:00:52

Health: -1/26      AC:  3    Str: 10    XL:     3   Next: 60%
Magic:  6/6        EV: 13    Int: 13    God:
Gold:   59         SH:  0    Dex: 14    Spells: 5/6 levels left

rFire    . . .     SeeInvis .   k - +2 whip (venom)
rCold    . . .     Gourm    .   (no shield)
rNeg     . . .     Faith    .   b - +0 robe
rPois    .         Spirit   .   (no helmet)
rElec    .         Reflect  .   c - +0 cloak
rCorr    .         Harm     .   (no gloves)
MR       .....                  (no boots)
Stlth    +.........             (no amulet)
HPRegen  0.08/turn              (no ring)
MPRegen  0.10/turn              (no ring)

@: no status effects
A: change form in water, swift swim, stealthy swim
a: no special abilities


You were on level 2 of the Dungeon.
You were very hungry.

You visited 1 branch of the dungeon, and saw 2 of its levels.

You collected 59 gold pieces.

Inventory:

Hand Weapons
 k - a +2 whip of venom (weapon)
Missiles
 a - 32 arrows
Armour
 b - a +0 robe (worn)
 c - a +0 cloak (worn)
Jewellery
 l - an uncursed ring of resist corrosion {unknown}
Scrolls
 e - a scroll of enchant weapon {unknown}
 h - 2 scrolls of teleportation {unknown}
 i - 2 scrolls of identify {unknown}
 j - 4 scrolls of remove curse {unknown}
Comestibles
 d - a ration


   Skills:
 - Level 1.1 Fighting
 - Level 2.6 Dodging
 * Level 4.2 Unarmed Combat
 + Level 2.4 Spellcasting
 + Level 3.4 Transmutations


You had 5 spell levels left.
You knew the following spells:

 Your Spells              Type           Power        Failure   Level  Hunger
a - Beastly Appendage     Tmut           ##....       6%          1    #......

Your spell library contained the following spells:

 Spells                   Type           Power        Failure   Level  Hunger
 Sticks to Snakes         Tmut           ##......     9%          2    ###....
 Spider Form              Tmut/Pois      #.........   34%         3    ###....
 Ice Form                 Ice/Tmut       #.......     75%         4    #####..
 Blade Hands              Tmut           ##........   85%         5    ######.


Dungeon Overview and Level Annotations

Branches:
Dungeon (2/15)

Altars:

Annotations:
D:2 Robin


Message History

You punch the orc wizard, but do no damage.
The orc wizard completely misses you.
The orc wizard gestures at you while chanting.
The magic dart hits you!
* * * LOW HITPOINT WARNING * * *
A bat comes into view.
You hit the orc wizard but do no damage.
The orc wizard is poisoned.
The orc wizard closely misses you.
Robin says, "Kneel, worm!"
Robin hits you with a +0 dagger.
* * * LOW HITPOINT WARNING * * *
The orc wizard hits you with a +0 dagger.
* * * LOW HITPOINT WARNING * * *
Robin misses you.
It was a potion of magic.
Magic courses through your body.
A hobgoblin comes into view.
The orc wizard barely misses you.
A hobgoblin comes into view. It is wielding a +0 club.
Robin throws the goblin at you!
You die...

###### ..## #....# ...##
#....#
....##########....#
..>..............)# ....#
#####...?.# ...#
####.........# #
...###....###..og.###...#
..............#)@.......#
....#).......##g#####...#
....#.............# #
.....................
..###..........g.......
### #..................
#..............g.$.
...###.....g..g.g.. ....
#..........g..


You could see Robin, an orc wizard, 2 hobgoblins and a goblin.

Vanquished Creatures
  An adder (D:2)
  A dart slug (D:1)
  2 orcs (D:2)
  2 bats (D:1)
  6 goblins
  6 hobgoblins
  4 kobolds (D:1)
  5 rats
27 creatures vanquished.

Notes
Turn   | Place    | Note
-------+----------+-------------------------------------------
     0 | D:1      | kae the Merfolk Transmuter began the quest for the Orb.
     0 | D:1      | Reached XP level 1. HP: 15/15 MP: 3/3
   239 | D:1      | Reached XP level 2. HP: 21/21 MP: 3/5
   794 | D:1      | Reached XP level 3. HP: 21/26 MP: 4/6
  1142 | D:2      | Reached skill level 4 in Unarmed Combat
  1176 | D:2      | Noticed Robin
  1186 | D:2      | HP: 1/26 [orc wizard/+0 dagger (1)]
  1187 | D:2      | Hit by a goblin thrown by Robin

Levels and vault maps discovered:
D:1:      dpeg_arrival_ternary, layout_basic, minmay_misc_feat_room,
          chequers_serial_rivers_small_b, patterned_corridor
D:2:      layout_rooms, uniq_robin

Skill      XL: |  1  2  3 |
---------------+----------+-----
Transmutations | 3 |  3.4
Unarmed Combat | 4 |  4.2
Fighting       | |  1.1
Dodging        | |  2.6
Spellcasting   | |  2.4

Action                   || total
-------------------------++-------
Melee: Unarmed           ||    12
       Headbutt          ||     3
       Punch             ||     2
       Whip              ||    49
 Cast: Beastly Appendage ||    12
  Use: Potion            ||     2
 Stab: Sleeping          ||     2
Armor: Robe              ||    13
Dodge: Dodged            ||    47

Table legend:
 A = Non-vault XP
 B = Vault XP
 C = Vault XP percentage of total XP
 D = Non-vault monster count
 E = Vault monster count
 F = Vault count percentage of total count
                 A         B        C        D         E       F
            +---------+---------+-------+---------+---------+-------
      Total |      59 |       4 |   6.3 |      25 |       2 |   7.4
            +---------+---------+-------+---------+---------+-------
        D:1 |      34 |       0 |   0.0 |      19 |       0 |   0.0
        D:2 |      25 |       4 |  13.8 |       6 |       2 |  25.0
            +---------+---------+-------+---------+---------+-------
